 Dungeon Crawl Stone Soup version 0.25.1-2-g60ff931df9 (webtiles) character file.

Game seed: 6397664556632647310

131 Peloso the Skirmisher (level 4, -2/35 HPs)
             Began as a Demonspawn Fighter on Aug 23, 2020.
             Slain by a gnoll
             ... wielding a +0 halberd
              (16 damage)
             ... on level 2 of the Dungeon.
             The game lasted 00:05:44 (2786 turns).

Peloso the Skirmisher (Demonspawn Fighter)          Turns: 2786, Time: 00:05:44

Health: -2/35      AC:  7    Str: 17    XL:     4   Next: 91%
Magic:  0/4        EV:  7    Int: 10    God:
Gold:   130        SH:  9    Dex: 12    Spells: 3/3 levels left

rFire    . . .     SeeInvis .   a - +0 long sword
rCold    . . .     Gourm    .   c - +0 kite shield
rNeg     + . .     Faith    .   b - +0 scale mail
rPois    .         Spirit   +   (no helmet)
rElec    .         Reflect  .   o - +0 cloak
rCorr    .         Harm     .   (no gloves)
MR       .....                  g - -2 pair of boots (curse)
Stlth    ..........             h - amulet of inaccuracy (curse)
HPRegen  0.11/turn              j - ring of positive energy
MPRegen  0.09/turn              (no ring)

@: no status effects
A: claws 1, hooves 1, magic shield
a: no special abilities


You were on level 2 of the Dungeon.
You were not hungry.

You visited 1 branch of the dungeon, and saw 3 of its levels.

You collected 130 gold pieces.

Inventory:

Hand Weapons
 a - a +0 long sword (weapon)
Armour
 b - a +0 scale mail (worn)
 c - a +0 kite shield (worn)
 g - a cursed -2 pair of boots (worn)
 o - a +0 cloak (worn)
Jewellery
 h - a cursed amulet of inaccuracy (around neck)
 j - a ring of positive energy (left claw)
Scrolls
 k - a scroll of enchant weapon
Potions
 d - a potion of might
 e - a potion of haste
 l - a potion of heal wounds
 m - a potion of flight
 n - a potion of mutation {unknown}
Comestibles
 f - 3 rations
 i - 3 chunks of flesh


   Skills:
 + Level 3.5 Fighting
 + Level 2.7 Long Blades
 + Level 3.4 Armour
 + Level 0.6 Dodging
 + Level 0.1 Stealth
 + Level 3.5 Shields


You had 3 spell levels left.
You didn't know any spells.
Your spell library was empty.

Dungeon Overview and Level Annotations

Branches:
Dungeon (3/15)

Altars:
Qazlal


Innate Abilities, Weirdness & Mutations

You have sharp fingernails.
You have large cloven feet.
When hurt, damage is shared between your health and your magic reserves.


Message History

HP restored.
There is a stone staircase leading down, spattered with blood here.
You climb downwards.
You block the gnoll's attack.
There is a stone staircase leading up here.
Unknown command.
The gnoll hits you with a +0 halberd!
You climb upwards.
There is a stone staircase leading down, spattered with blood here.
Your shield and scale mail prevent you from hitting the gnoll.
The gnoll hits you with a +0 halberd!
You closely miss the gnoll. The gnoll barely misses you.
You riposte.
You slash the gnoll!
The gnoll is heavily wounded.
You barely miss the gnoll.
The gnoll is heavily wounded.
The gnoll hits you with a +0 halberd!
You hit the gnoll but do no damage.
The gnoll is heavily wounded.
The gnoll hits you with a +0 halberd!
You die...

#.# #○...°#.### #<# #.#
###.###...############.#
#.# #..# ###..............#
#># #.## #..##########..#
..# #.# #..# #..# ### #.#
#..# ##..# #.######..#
#####...#####
#......#..#####...........#
######.#...@g...###..####.#
#.##.####.####..## #.#
#.##.# #........# #.#
#########.##.# ######...#
#.#
#.........##.#########...#
#.##
#.##########.............#
#... #.# #.#########.#.#
#### #.# #.# #.#.###### #.#
#.# #.........


You could see a gnoll.

Vanquished Creatures
  An orc priest (D:3)
  2 adders (D:2)
  A gnoll (D:2)
  2 worms (D:2)
  5 dart slugs
  3 leopard geckos
  2 orcs (D:3)
  A giant cockroach (D:1)
  9 goblins
  4 hobgoblins
  2 jackals (D:1)
  7 bats
  2 frilled lizards
  6 kobolds
  9 rats
56 creatures vanquished.

Notes
Turn   | Place    | Note
-------+----------+-------------------------------------------
     0 | D:1      | Peloso the Demonspawn Fighter began the quest for the Orb.
     0 | D:1      | Reached XP level 1. HP: 18/18 MP: 1/1
   236 | D:1      | Gained mutation: When hurt, damage is shared between your
                  | health and your magic reserves. [demonic ancestry]
   236 | D:1      | Reached XP level 2. HP: 23/24 MP: 2/2
   822 | D:1      | Gained mutation: You have large cloven feet. [demonic
                  | ancestry]
   822 | D:1      | Reached XP level 3. HP: 16/29 MP: 1/3
  1706 | D:2      | Found a stormy altar of Qazlal.
  1895 | D:2      | Gained mutation: You have sharp fingernails. [demonic
                  | ancestry]
  1895 | D:2      | Reached XP level 4. HP: 31/35 MP: 2/4
  2786 | D:2      | Slain by a gnoll

Illustrated notes

Levels and vault maps discovered:
D:1:      wander_arrival_peaceful_grave, layout_basic, minmay_indecisive_spiral
D:2:      layout_loops_ring, grunt_qazlal_clouds, grunt_ministairs_3
D:3:      layout_loops_cross, zin_purify,
          chequers_ecumenical_altar_simple_redux, first_ration

Skill      XL: |  1  2  3 |
---------------+----------+-----
Shields        | 3 |  3.5
Long Blades    | 2 |  2.7
Armour         | 3 |  3.4
Fighting       | |  3.5
Dodging        | |  0.6
Stealth        | |  0.1

Action                   |  1- 3 |  4- 6 || total
-------------------------+-------+-------++-------
Melee: Long sword        |   178 |    96 ||   274
       Kick              |     3 |       ||     3
  Use: Scroll            |     6 |       ||     6
       Potion            |     3 |       ||     3
  Eat: Chunk             |     4 |     3 ||     7
Armor: Scale mail        |   101 |    45 ||   146
Dodge: Dodged            |    55 |    24 ||    79
Block: Kite shield       |    99 |    44 ||   143
       Rpst.: Long sword |    19 |     9 ||    28
